 Dungeon Crawl Stone Soup version 0.17.0-56-gd8de76c (webtiles) character file.

96 Niddhoggr the Chopper (level 4, 0/63 HPs)
             Began as a Minotaur Berserker on Dec 6, 2015.
             Was a Believer of Trog.
             Slain by Sigmund
             ... wielding a +0 scythe
              (10 damage)
             ... on level 3 of the Dungeon.
             The game lasted 00:05:57 (1910 turns).

Niddhoggr the Chopper (Minotaur Berserker)          Turns: 1910, Time: 00:05:58

Health: 0/63       AC:  4    Str: 26    XL:     4   Next: 41%
Magic:  3/3        EV: 12    Int:  4    God:    Trog [**....]
Gold:   112        SH:  0    Dex: 11    Spells: 0 memorised, 3 levels left

rFire  + . .     SeeInvis .     a - +1 hand axe
rCold  + + .     Clarity  .     e - +0 leather armour (curse)
rNeg   . . .     SustAt   .     (no shield)
rPois  +         Gourm    .     (helmet restricted)
rElec  +         Spirit   .     m - +0 cloak
rCorr  +         Warding  .     (no gloves)
rMut   .         Stasis   .     (no boots)
MR     .....                    (no amulet)
Stlth  ..........               (no ring)
                                q - ring of protection from cold

@: berserking, resistant, very quick, not resistant to hostile enchantments,
extremely unstealthy
A: retaliatory headbutt, horns 2
a: Berserk, Trog's Hand, Burn Spellbooks, Renounce Religion


You were on level 3 of the Dungeon.
You worshipped Trog.
Trog was pleased with you.
You were hungry.

You visited 1 branch of the dungeon, and saw 3 of its levels.

You collected 112 gold pieces.

Inventory:

Hand Weapons
 a - a +1 hand axe (weapon)
Armour
 b - a +0 animal skin
 e - a cursed +0 leather armour (worn)
 i - a +0 buckler
 m - a +0 cloak (worn)
 s - a +0 plate armour
Jewellery
 q - a ring of protection from cold (left hand)
Scrolls
 g - a scroll of remove curse {unknown}
 l - 3 scrolls of teleportation
Potions
 d - a potion of ambrosia {unknown}
 f - a potion of invisibility {unknown}
 j - a potion of haste {unknown}
 n - a potion of resistance
 o - a potion of agility {unknown}
Comestibles
 c - 5 bread rations


   Skills:
 + Level 5.0 Fighting
 + Level 5.0 Axes
 - Level 2.4 Armour
 - Level 2.1 Dodging
 + Level 0.6 Stealth


You had 3 spell levels left.
You didn't know any spells.

Dungeon Overview and Level Annotations

Branches:
Dungeon (3/15)

Altars:
Nemelex Xobeh

Annotations:
D:3 Sigmund


Innate Abilities, Weirdness & Mutations

You reflexively headbutt those who attack you in melee.
You have a pair of horns on your head.


Message History

Sigmund shouts!
Sigmund hits you from afar with a scythe!
You hit Sigmund.
Sigmund is lightly wounded.
Sigmund hits you with a scythe!
* * * LOW HITPOINT WARNING * * *
You are too injured to fight recklessly!
You are too injured to fight recklessly!
You are too injured to fight recklessly!
Drink which item? (? for menu, Esc to quit)
It was a potion of resistance.
You feel protected. Sigmund barely misses you.
A red film seems to cover your vision as you go berserk!
You feel yourself moving faster!
You feel mighty!
You feel somewhat more hungry.
You closely miss Sigmund.
Sigmund is lightly wounded.
Sigmund hits you with a scythe!
You die...

#.##.# *,,# **+** *,**
* #.##.###..# #.* **,*
* #.........# #.*
**,** *
####.#########.###****
*,,,* *
#.......##....,,,,*
*,,,* *
#..####.#.....*****
*,,,* *
#..####.##...#* *****
* #....##.#*#.@#
##.#.##.####@#
#.#.........#
#.####.###### #......#
########


You could see Sigmund.

Vanquished Creatures
  A hound zombie (D:3)
  2 adders
  2 worms (D:2)
  An orc (D:3)
  10 bats
  6 giant cockroaches
  6 goblins
  11 hobgoblins
  4 kobolds
  A giant gecko (D:1)
  2 giant newts
  10 rats
56 creatures vanquished.

Notes
Turn   | Place    | Note
--------------------------------------------------------------
     0 | D:1      | Niddhoggr the Minotaur Berserker began the quest for the Orb.
     0 | D:1      | Reached XP level 1. HP: 19/19 MP: 0/0
    62 | D:1      | Reached skill level 4 in Axes
    68 | D:1      | Reached XP level 2. HP: 25/27 MP: 1/1
   136 | D:1      | Reached ** piety under Trog
   367 | D:1      | Reached XP level 3. HP: 31/33 MP: 2/2
  1180 | D:2      | Found a sparkling altar of Nemelex Xobeh.
  1661 | D:3      | Reached skill level 5 in Axes
  1661 | D:3      | Reached XP level 4. HP: 37/41 MP: 3/3
  1822 | D:3      | Reached skill level 5 in Fighting
  1905 | D:3      | Noticed Sigmund
  1910 | D:3      | Slain by Sigmund

Action                   |  1- 3 |  4- 6 || total
-------------------------+-------+-------++-------
Melee: Hand axe          |    96 |    23 ||   119
Invok: Berserk           |       |     1 ||     1
  Use: Scroll            |       |     5 ||     5
       Potion            |       |     1 ||     1
 Stab: Sleeping          |     2 |       ||     2
  Eat: Beef jerky        |     1 |       ||     1
       Chunk             |       |     1 ||     1
